 Dungeon Crawl Stone Soup version 0.28.0-47-ge53b351184 (webtiles) character file.

Game seed: 7048227835857144483

9059 issech the Blocker (level 11, -1/93 HPs)
             Began as a Troll Fighter on Apr 28, 2022.
             Was a Believer of Hepliaklqana.
             Slain by a five-headed hydra (2 damage)
             ... on level 11 of the Dungeon.
             The game lasted 00:39:49 (9632 turns).

issech the Blocker (Troll Fighter)                  Turns: 9632, Time: 00:39:50

Health: -1/93      AC:  6    Str: 32    XL:     11   Next: 18%
Magic:  10/10      EV: 11    Int:  4    God:    Hepliaklqana [**....]
Gold:   482        SH: 16    Dex: 13    Spells: 10/10 levels left

rFire   . . .      SeeInvis .   P - +8 spear "Hiocod" {vorpal, rN++}
rCold   . . .      Faith    .   c - +1 kite shield
rNeg    + + .      Spirit   .   S - +1 robe {Will+}
rPois   .          Reflect  +   (helmet restricted)
rElec   .          Harm     .   D - +0 cloak
rCorr   .          Rampage  .   (gloves unavailable)
Will    ++...                   (boots unavailable)
Stlth   ++........              w - amulet of reflection
HPRegen 1.05/turn               n - +6 ring of strength
MPRegen 0.12/turn               s - ring of willpower

@: no status effects
A: reduced essence, large, unfitting armour, claws 3, regeneration 1, shaggy fur
1, tough skin 1
a: Renounce Religion, Recall Ancestor, Ancestor Identity


You were on level 11 of the Dungeon.
You worshipped Hepliaklqana.
Hepliaklqana was pleased with you.
You visited 2 branches of the dungeon, and saw 12 of its levels.

You collected 482 gold pieces.

Inventory:

Hand Weapons
 b - a +2 war axe
 H - the +2 quarterstaff "Thing" {elec, +Blink}
   (You found it on level 8 of the Dungeon)

   It occasionally discharges a powerful burst of electricity upon striking a
   foe.
   +Blink:    It lets you blink.
 P - the +8 spear "Hiocod" (weapon) {vorpal, rN++}
   (You found it on level 6 of the Dungeon)

   It inflicts extra damage upon your enemies.
   rN:        It greatly protects you from negative energy.
 R - a +2 great sword
 U - a +5 scimitar
 Z - a +2 long sword of flaming
Missiles
 i - 141 bolts
 k - 180 stones
 p - 208 arrows
 z - 5 boomerangs (quivered)
 B - 25 poisoned darts
 K - 3 silver boomerangs
 T - 18 sling bullets
Armour
 c - a +1 kite shield (worn)
 D - a +0 cloak (worn)
 S - a +1 robe of willpower (worn)
Magical Staves
 I - a staff of poison
 O - a staff of air
Jewellery
 n - a +6 ring of strength (left claw)
 s - a ring of willpower (right claw)
 u - a ring of ice
 w - an amulet of reflection (around neck)
 M - an amulet of the acrobat
 Q - a ring of protection from fire
Wands
 F - a wand of iceblast (10)
 J - a wand of polymorph (4)
 N - a wand of paralysis (10)
 V - a wand of flame (41)
 Y - a wand of digging (5)
Scrolls
 e - 10 scrolls of teleportation
 f - a scroll of brand weapon
 l - a scroll of magic mapping
 o - a scroll of holy word
 q - a scroll of fear
 t - 2 scrolls of blinking
 v - 2 scrolls of fog
 x - 2 scrolls of amnesia
 C - a scroll of enchant armour
 G - 2 scrolls of enchant weapon
Potions
 a - a potion of magic {unknown}
 d - 5 potions of might
 g - a potion of invisibility {unknown}
 h - a potion of brilliance {unknown}
 j - 2 potions of curing {unknown}
 m - 3 potions of lignification {unknown}
 r - a potion of cancellation {unknown}
 A - 2 potions of mutation {unknown}
 E - 3 potions of degeneration {unknown}
 L - a potion of heal wounds {unknown}
 W - 2 potions of haste {unknown}
Miscellaneous
 X - a piece from Xom's chessboard (15/15)


   Skills:
 + Level 5.6 Fighting
 + Level 5.4 Maces & Flails
 + Level 5.3 Polearms
 + Level 4.6 Throwing
 + Level 7.1 Dodging
 + Level 1.2 Stealth
 + Level 8.7 Shields


You had 10 spell levels left.
You didn't know any spells.
Your spell library contained the following spells:

 Spells                   Type           Power      Damage    Failure   Level
 Beastly Appendage        Tmut           0%         N/A       73%         1
 Foxfire                  Conj/Fire      0%         2x1d4     73%         1
 Freeze                   Ice            0%         1d3       73%         1
 Wereblood                Tmut           0%         N/A       86%         2
 Conjure Flame            Conj/Fire      0%         6-21      97%         3
 Frozen Ramparts          Ice            0%         1d2       97%         3
 Spider Form              Tmut/Pois      0%         N/A       97%         3
 Hailstorm                Conj/Ice       0%         3d3       100%        4
 Ice Form                 Ice/Tmut       0%         N/A       100%        4
 Petrify                  Tmut/Erth      0%         N/A       100%        4
 Metabolic Englaciation   Hex/Ice        0%         N/A       100%        5
 Statue Form              Tmut/Erth      0%         N/A       100%        6
 Necromutation            Tmut/Necr      0%         N/A       100%        8


Dungeon Overview and Level Annotations

Branches:
Dungeon (11/15)            Temple (1/1) D:5            Lair (0/6) D:9
    Orc: D:9-12

Altars:
Ashenzari
Cheibriados
Dithmenos
Elyvilon
Fedhas
Gozag
Hepliaklqana
Kikubaaqudgha
Makhleb
Nemelex Xobeh
Okawaru
Qazlal
Ru
Sif Muna
Trog
Uskayaw
Vehumet
Wu Jian
Xom
Yredelemnul
Zin
The Shining One

Shops:
D:2 [   D:7 *


Innate Abilities, Weirdness & Mutations

Your life essence is reduced to manifest your ancestor. (-10% HP)
You are too large for most types of armour.
You have claws for hands.
Your natural rate of healing is unusually fast.
You are covered in fur. (AC +1)
You have tough skin. (AC +1)


Message History

The vampire mosquito draws strength from your injuries!
You hit the vampire mosquito.
The vampire mosquito is moderately damaged.
You block the vampire mosquito's attack.
You completely miss the vampire mosquito.
The vampire mosquito is moderately damaged.
You block the vampire mosquito's attack. x2
You hit the vampire mosquito.
The vampire mosquito is severely damaged.
You block the vampire mosquito's attack. x2
You puncture the vampire mosquito!
You destroy the vampire mosquito!
There is a stone staircase leading down here.
You start resting.
HP restored.
You climb downwards.
The vampire mosquito barely misses you.
The vampire mosquito completely misses you.
The five-headed hydra bites you.
The five-headed hydra bites you but does no damage.
You block the five-headed hydra's attack.
The five-headed hydra bites you! x2; The cyclops throws a large rock.
The large rock hits you! The vampire mosquito bites you.
You block the five-headed hydra's attack.
The five-headed hydra bites you.
You block the five-headed hydra's attack.
The five-headed hydra closely misses you.
The five-headed hydra barely misses you.
There is a stone staircase leading up, spattered with blood here.
You block the vampire mosquito's attack.
The cyclops throws a large rock.
The large rock closely misses you. The vampire mosquito bites you.
You block the five-headed hydra's attack.
The five-headed hydra bites you!
* * * LOW HITPOINT WARNING * * *
The five-headed hydra bites you!
* * * LOW HITPOINT WARNING * * *
The five-headed hydra bites you!
* * * LOW HITPOINT WARNING * * *
The five-headed hydra bites you.
You die...

#..........#
#.C.....(.#
#.........##
#........>.### ##
#.....!..)....
...#.....[.......
#...............
##....[.........
#.....y@.......
##....D........
........#.......
#########..#####
...# .#..# ###.#
.#


You could see a five-headed hydra, a cyclops and a vampire mosquito.

Vanquished Creatures
  An ugly thing (D:8)
  A troll (D:9)
  A vampire (D:10)
  A wyvern (D:8)
  9 yaks
  2 vampire mosquitoes (D:10)
  Menkaure (D:5)
  A water moccasin (D:6)
  5 orc warriors
  An ice beast (D:6)
  2 black bears
  A sky beast (D:8)
  An ogre (D:5)
  A necrophage (D:8)
  3 wolves (D:8)
  6 centaurs
  A phantom (D:7)
  A kobold brigand (D:8)
  3 bullfrogs
  A scorpion (D:7)
  15 killer bees
  9 wights (D:7)
  3 orc priests (D:9)
  5 hounds
  2 centaur skeletons
  2 centaur zombies
  A gnoll shaman (D:7)
  4 bullfrog skeletons
  5 jellies
  2 iguanas
  3 orc wizards
  A hound skeleton (D:4)
  A howler monkey zombie (D:9)
  12 gnolls
  8 adders
  A white imp (D:7)
  2 ufetubi (D:4)
  2 dart slugs
  28 orcs
  8 ball pythons
  5 bats
  8 endoplasms
  2 giant cockroaches (D:1)
  7 hobgoblins
  6 jackals (D:2)
  2 quokkas
  5 frilled lizards
  9 goblins
  17 kobolds
  7 rats
225 creatures vanquished.

Vanquished Creatures (collateral kills)
  A two-headed ogre (D:8)
  A troll (D:10)
  A wyvern (D:7)
  A shadow (D:10)
  3 yaks (D:9)
  A vampire mosquito (D:11)
  A sky beast (D:8)
  A wolf (D:9)
  A kobold brigand (D:10)
  A gnoll sergeant (D:8)
  A bullfrog (D:9)
  A killer bee (D:9)
  2 hounds (D:9)
  2 orc wizards (D:10)
  A gnoll (D:8)
  3 orcs
  A kobold (D:10)
23 creatures vanquished.

Vanquished Creatures (others)
  A battlemage (D:11)
  3 ancestors
  A kobold (D:8)
  4 plants (D:4)
9 creatures vanquished.

Grand Total: 257 creatures vanquished

Notes
Turn   | Place    | Note
-------+----------+-------------------------------------------
     0 | D:1      | issech the Troll Fighter began the quest for the Orb.
     0 | D:1      | Reached XP level 1. HP: 22/22 MP: 0/0
   126 | D:1      | Reached XP level 2. HP: 28/29 MP: 1/1
   793 | D:2      | Reached XP level 3. HP: 32/37 MP: 2/2
   839 | D:2      | Reached skill level 3 in Shields
   901 | D:2      | Found Pisuthri's Antique Armour Shoppe.
  1031 | D:2      | Reached XP level 4. HP: 31/45 MP: 3/3
  1078 | D:2      | Found a faded altar of an unknown god.
  1226 | D:2      | You fall into a shaft and drop 2 floors!
  1307 | D:4      | Reached XP level 5. HP: 28/53 MP: 4/4
  2102 | D:3      | Found a broken altar of Ashenzari.
  2374 | D:3      | Found a radiant altar of Vehumet.
  2683 | D:4      | Reached XP level 6. HP: 53/61 MP: 5/5
  3409 | D:5      | Entered Level 5 of the Dungeon
  3409 | D:5      | Noticed Menkaure
  3422 | D:5      | Killed Menkaure
  3423 | D:5      | Reached skill level 1 in Throwing
  3423 | D:5      | Reached skill level 4 in Shields
  3423 | D:5      | Reached XP level 7. HP: 65/68 MP: 6/6
  3484 | D:5      | Found a staircase to the Ecumenical Temple.
  3500 | Temple   | Entered the Ecumenical Temple
  3761 | D:5      | Found a blossoming altar of Fedhas.
  4066 | D:5      | Reached XP level 8. HP: 77/78 MP: 7/7
  4526 | D:6      | Reached skill level 5 in Shields
  4722 | D:6      | Found a hazy altar of Hepliaklqana.
  4728 | D:6      | Became a worshipper of Hepliaklqana the Forgotten
  5072 | D:6      | Identified the +8 spear "Hiocod" {vorpal, rN++}
  5083 | D:6      | Found a stormy altar of Qazlal.
  5086 | D:6      | Noticed an air elemental
  5126 | D:6      | Reached skill level 5 in Maces & Flails
  5627 | D:5      | Found a sacrificial altar of Ru.
  5856 | D:7      | Reached skill level 1 in Polearms
  5861 | D:7      | Found Ofaruleow's General Store.
  5875 | D:7      | Reached skill level 5 in Dodging
  5946 | D:7      | Reached XP level 9. HP: 82/85 MP: 8/8
  6551 | D:7      | Reached skill level 6 in Shields
  6906 | D:8      | Found an iron altar of Okawaru.
  6968 | D:8      | Reached * piety under Hepliaklqana
  6996 | D:8      | Noticed a two-headed ogre
  7082 | D:7      | Reached skill level 1 in Stealth
  7088 | D:8      | Killed a two-headed ogre
  7089 | D:8      | Reached skill level 5 in Fighting
  7089 | D:8      | Reached XP level 10. HP: 56/86 MP: 9/9
  7172 | D:8      | Noticed a cyan ugly thing
  7185 | D:8      | Killed a cyan ugly thing
  7187 | D:8      | Got the Grimoire of the Mutagenic Volcanoes
  7254 | D:8      | Identified the +2 quarterstaff "Thing" {elec, +Blink}
  7326 | D:8      | Found a bloodstained altar of Trog.
  7344 | D:8      | Reached skill level 7 in Shields
  8027 | D:9      | Found a staircase to the Lair.
  8239 | D:9      | Reached skill level 8 in Shields
  8796 | D:9      | Reached ** piety under Hepliaklqana
  8797 | D:9      | Remembered your ancestor Ishtar-belessa as a battlemage
  8834 | D:10     | Entered Level 10 of the Dungeon
  8892 | D:10     | Reached skill level 5 in Polearms
  8892 | D:10     | Reached XP level 11. HP: 93/93 MP: 10/10
  8933 | D:10     | Found a shimmering blue altar of Sif Muna.
  9579 | D:11     | Noticed a five-headed hydra
  9632 | D:11     | HP: 1/93 [five-headed hydra (11)]
  9632 | D:11     | Slain by a five-headed hydra

Illustrated notes

Levels and vault maps discovered:
D:1:      scummos_arrival_simple_fountains, layout_basic
D:2:      layout_loops_ring, serial_shops, shop,
          hellmonk_ecumenical_altar_lost_god
D:3:      layout_basic, nicolae_overflow_crystal_walls,
          mainiacjoe_overflow_six_doors_small, grunt_ministairs_10,
          serial_bayou_pond_d, palyth_stone_intersect
D:4:      nicolae_cairo_tiling_large_dashed, layout_gridville,
          guppyfry_early_lair_pool
D:5:      layout_cave_pools, lemuel_tele_altar, nicolae_overflow_hidden_temple,
          minmay_temple_entry_statues_fountains, uniq_menkaure
D:6:      layout_cave_pods, nicolae_qazlal_style_of_elements,
          nicolae_hepliaklqana_hippocampus
D:7:      layout_loops_ring, serial_shops, shop
D:8:      minmay_evil_eye, layout_gridville, kennysheep_okawaru_gauntlet,
          lemuel_doored_altar, grunt_decor_mini_mirrors
D:9:      layout_cave_pools, erik_lair_island
D:10:     layout_long_grid, mainiacjoe_overflow_concentric_impassable
D:11:     layout_rooms, zombieorc2_lemuel, kb_rosetta
Temple:   nicolae_temple_figure_eight

Skill      XL: |  1  2  3  4  5  6  7  8  9 10 |
---------------+-------------------------------+-----
Maces & Flails | 2 3 4 5 |  5.4
Fighting       | 3 4 5 |  5.6
Shields        | 3 4 5 6 8 |  8.7
Dodging        | 3 4 5 6 7 |  7.1
Throwing       | 1 2 3 4 |  4.6
Polearms       | 1 3 5 |  5.3
Stealth        | 1 |  1.2

Action                   |  1- 3 |  4- 6 |  7- 9 | 10-12 || total
-------------------------+-------+-------+-------+-------++-------
Melee: Flail             |   128 |   201 |    98 |       ||   427
       Spear             |       |       |   165 |   222 ||   387
Throw: Stone             |       |    12 |       |       ||    12
       Boomerang         |       |    26 |    48 |    26 ||   100
Invok: Ancestor Life: Ba |       |       |       |     1 ||     1
  Use: Scroll            |       |       |     9 |     5 ||    14
 Stab: Distracted        |       |       |       |     2 ||     2
Armor: Robe              |    73 |    92 |    71 |    57 ||   293
Dodge: Dodged            |    86 |    99 |   129 |   119 ||   433
Block: Kite shield       |    81 |   164 |   239 |   264 ||   748
       Reflection        |       |     5 |    14 |    12 ||    31
